 Dungeon Crawl Stone Soup version 0.25-a0-877-g3f1e787 (webtiles) character file.

Game seed: 4533867862339699433, levelgen mode: deterministic

520 Illumine the Covered (level 7, 0/44 HPs)
             Began as a Gargoyle Fighter on May 1, 2020.
             Slain by Duvessa
             ... wielding a +2 short sword of freezing
              (8 damage)
             ... on level 4 of the Dungeon.
             The game lasted 00:05:36 (2539 turns).

Illumine the Covered (Gargoyle Fighter)             Turns: 2539, Time: 00:05:37

Health: 0/44       AC: 13    Str: 22    XL:     7   Next: 21%
Magic:  7/7        EV:  7    Int:  8    God:
Gold:   104        SH:  9    Dex:  9    Spells: 6/6 levels left

rFire    + . .     SeeInvis .   p - +0 morningstar
rCold    + . .     Gourm    .   c - +0 kite shield
rNeg     + . .     Faith    .   b - +0 scale mail
rPois    ∞         Spirit   .   k - +0 helmet
rElec    +         Reflect  .   t - scarf {rC+ rF+}
rCorr    .         Harm     .   (no gloves)
MR       .....                  (no boots)
Stlth    ..........             (no amulet)
HPRegen  0.14/turn              (no ring)
MPRegen  0.10/turn              (no ring)

@: mighty, glowing
A: negative energy resistance 1, electricity resistance, unbreathing,
petrification resistance, rot immunity, AC +4
a: no special abilities


You were on level 4 of the Dungeon.
You were not hungry.

You visited 1 branch of the dungeon, and saw 4 of its levels.

You collected 104 gold pieces.

Inventory:

Hand Weapons
 a - a +0 flail
 p - a +0 morningstar (weapon)
Missiles
 j - 7 curare-tipped darts (quivered)
 n - 76 stones
Armour
 b - a +0 scale mail (worn)
 c - a +0 kite shield (worn)
 k - a +0 helmet (worn)
 t - a scarf of resistance (worn)
Jewellery
 g - an uncursed ring of magical power {unknown}
 m - an uncursed amulet of magic regeneration {unknown}
Scrolls
 e - 4 scrolls of identify {unknown}
 i - a scroll of amnesia {unknown}
 l - 3 scrolls of teleportation {unknown}
 q - a scroll of remove curse {unknown}
Potions
 h - a potion of stabbing {unknown}
 o - a potion of brilliance {unknown}
 r - 2 potions of curing {unknown}
Comestibles
 f - 6 rations


   Skills:
 + Level 4.5 Fighting
 * Level 4.8 Maces & Flails
 - Level 2.0 Throwing
 + Level 4.8 Armour
 + Level 4.6 Shields


You had 6 spell levels left.
You didn't know any spells.
Your spell library contained the following spells:

 Spells                   Type           Power        Failure   Level  Hunger
 Magic Dart               Conj           #...         99%         1    ##.....
 Blink                    Tloc           N/A          99%         2    ###....
 Call Imp                 Summ           #.......     99%         2    ###....
 Slow                     Hex            #.......     99%         2    ###....
 Conjure Flame            Conj/Fire      #.......     100%        3    ####...
 Mephitic Cloud           Conj/Pois/Air  #.......     100%        3    ####...


Dungeon Overview and Level Annotations

Branches:
Dungeon (4/15)
 Temple: D:4-7

Altars:

Annotations:
D:3 Sigmund
D:4 Duvessa


Innate Abilities, Weirdness & Mutations

You are resistant to torment.
Your stone body is resilient. (AC +4)
You are immune to poison.
You resist negative energy. (rN+)
You are resistant to electric shocks. (rElec)
You can survive without breathing.
You are immune to petrification.
You are immune to rotting.


Message History

You hit Duvessa but do no damage.
Duvessa is severely wounded.
You block Duvessa's attack. Duvessa hits you but does no damage.
Your shield prevents you from hitting Duvessa.
Duvessa is severely wounded.
Duvessa barely misses you. Duvessa closely misses you.
You hit Duvessa but do no damage.
Duvessa is severely wounded.
Duvessa hits you with a +2 short sword of freezing!
* * * LOW HITPOINT WARNING * * *
Duvessa freezes you.
* * * LOW HITPOINT WARNING * * *
You block Duvessa's attack.
You feel very mighty all of a sudden. You block Duvessa's attack.
You hit Duvessa.
Duvessa is severely wounded.
Duvessa hits you but does no damage.
Duvessa hits you with a +2 short sword of freezing!
You die...

##.####.####.#
#######.# #..#
#.# #.# #.#
##.###.# #.#
##########.#
#..##.# #.#
#..........#
##.##.# #.#
#.##########
####..#.# #.# #.#
........####.#
#.#
.##..........#
#.#
....#.#.######
#@# ##..#...###
#e#
##.......#....)s#
+.##..#.#.######
#....>#.# ...####
# ....# ....##
..###


You could see Duvessa (berserk) and a giant cockroach.

Vanquished Creatures
  An ice beast (D:4)
  An ogre (D:4)
  A scorpion (D:4)
  Dowan (D:4)
  2 hounds
  An orc wizard (D:4)
  An iguana (D:4)
  A hound skeleton (D:4)
  3 adders
  3 worms (D:4)
  3 leopard geckos
  4 orcs (D:4)
  4 giant cockroaches
  5 goblins
  10 hobgoblins
  10 jackals
  3 quokkas
  2 ball pythons (D:2)
  2 bats (D:2)
  13 frilled lizards
  9 kobolds
  A leopard gecko skeleton (D:4)
  A leopard gecko zombie (D:4)
  7 rats
89 creatures vanquished.

Notes
Turn   | Place    | Note
-------+----------+-------------------------------------------
     0 | D:1      | Illumine the Gargoyle Fighter began the quest for the Orb.
     0 | D:1      | Reached XP level 1. HP: 14/14 MP: 1/1
    35 | D:1      | Upgraded the game from 0.25-a0-876-gadf69d5 to
                  | 0.25-a0-877-g3f1e787
   127 | D:1      | Reached XP level 2. HP: 18/19 MP: 2/2
   517 | D:1      | Reached XP level 3. HP: 19/23 MP: 3/3
  1571 | D:3      | Noticed Sigmund
  1691 | D:3      | Reached XP level 4. HP: 29/29 MP: 4/4
  1698 | D:3      | Reached skill level 1 in Throwing
  1874 | D:4      | Reached XP level 5. HP: 32/33 MP: 5/5
  1977 | D:4      | Noticed an ice beast
  2007 | D:4      | Killed an ice beast
  2007 | D:4      | Reached XP level 6. HP: 31/38 MP: 6/6
  2322 | D:4      | Reached XP level 7. HP: 42/44 MP: 7/7
  2523 | D:4      | Noticed Duvessa
  2523 | D:4      | Noticed Dowan
  2529 | D:4      | Killed Dowan
  2539 | D:4      | Slain by Duvessa

Levels and vault maps discovered:
D:1:      grunt_arrival_crossed_arrows, layout_basic, minmay_lizard_pond
D:2:      layout_basic, minmay_statues_item
D:3:      layout_loops_cross, first_ration, uniq_sigmund
D:4:      layout_basic, minmay_divided_ellipse, uniq_duvessa

Skill      XL: |  1  2  3  4  5  6 |
---------------+-------------------+-----
Maces & Flails | 3 4 |  4.8
Throwing       | 1 2 |  2.0
Armour         | 4 |  4.8
Shields        | 4 |  4.6
Fighting       | 4 |  4.5

Action                   |  1- 3 |  4- 6 |  7- 9 || total
-------------------------+-------+-------+-------++-------
Melee: Flail             |   213 |    96 |       ||   309
       Morningstar       |       |    56 |    22 ||    78
Throw: Dart              |       |     2 |       ||     2
  Use: Potion            |       |       |     1 ||     1
  Eat: Chunk             |     2 |     3 |     1 ||     6
Armor: Scale mail        |   103 |    83 |    15 ||   201
Dodge: Dodged            |    61 |    51 |     6 ||   118
Block: Kite shield       |   126 |    76 |    12 ||   214

Table legend:
 A = Non-vault XP
 B = Vault XP
 C = Vault XP percentage of total XP
 D = Non-vault monster count
 E = Vault monster count
 F = Vault count percentage of total count
                 A         B        C        D         E       F
            +---------+---------+-------+---------+---------+-------
      Total |     495 |     249 |  33.5 |      74 |      15 |  16.9
            +---------+---------+-------+---------+---------+-------
        D:1 |      46 |       9 |  16.4 |      26 |       9 |  25.7
        D:2 |      23 |       0 |   0.0 |      15 |       0 |   0.0
        D:3 |      73 |       0 |   0.0 |      12 |       0 |   0.0
        D:4 |     353 |     240 |  40.5 |      21 |       6 |  22.2
            +---------+---------+-------+---------+---------+-------
